 Dungeon Crawl Stone Soup version 0.25.1-2-g60ff931df9 (webtiles) character file.

Game seed: 3666553240272481323

49 DildoBatman the Magician (level 4, -3/30 HPs)
             Began as a Formicid Wizard on Oct 30, 2020.
             Killed by nerve-wracking pain
             ... invoked by Grinder
              (7 damage)
             ... on level 3 of the Dungeon.
             The game lasted 00:03:09 (1783 turns).

DildoBatman the Magician (Formicid Wizard)          Turns: 1783, Time: 00:03:10

Health: -3/30      AC:  2    Str: 12    XL:     4   Next: 1%
Magic:  8/8        EV: 12    Int: 18    God:
Gold:   110        SH:  0    Dex:  9    Spells: 8/9 levels left

rFire    . . .     SeeInvis +   a - +0 hunting sling
rCold    . . .     Gourm    .   (no shield)
rNeg     . . .     Faith    .   n - +0 robe
rPois    .         Spirit   .   (helmet unavailable)
rElec    .         Reflect  .   (no cloak)
rCorr    .         Harm     .   (no gloves)
MR       .....                  (no boots)
Stlth    ++........             (no amulet)
HPRegen  0.10/turn              (no ring)
MPRegen  0.11/turn              (no ring)

@: no status effects
A: permanent stasis, dig shafts and tunnels, four strong arms, antennae 3
a: Dig, Shaft Self


You were on level 3 of the Dungeon.
You were hungry.

You visited 1 branch of the dungeon, and saw 3 of its levels.

You collected 110 gold pieces.

Inventory:

Hand Weapons
 a - a +0 hunting sling (weapon)
 e - a +0 club
 g - a +0 short sword
 m - a +4 dagger
Missiles
 b - 13 poisoned darts
 d - 72 stones (quivered)
Armour
 n - a +0 robe (worn)
Scrolls
 c - 2 scrolls of enchant weapon {unknown}
 f - 4 scrolls of identify {unknown}
 h - a scroll of fear {unknown}
 i - a scroll of magic mapping {unknown}
 l - a scroll of remove curse {unknown}
Potions
 k - a potion of berserk rage {unknown}
 o - a potion of brilliance {unknown}
Comestibles
 v - 2 rations


   Skills:
 - Level 1.7 Dodging
 - Level 2.4 Stealth
 - Level 3.2 Spellcasting
 * Level 3.2 Conjurations
   Level 1.0 Summonings
   Level 0.8 Translocations


You had 8 spell levels left.
You knew the following spells:

 Your Spells              Type           Power        Failure   Level  Hunger
c - Magic Dart            Conj           ##..         4%          1    None

Your spell library contained the following spells:

 Spells                   Type           Power        Failure   Level  Hunger
 Call Imp                 Summ           #.......     16%         2    ##.....
 Slow                     Hex            #.......     24%         2    ##.....
 Conjure Flame            Conj/Fire      #.......     24%         3    ###....
 Mephitic Cloud           Conj/Pois/Air  #.......     30%         3    ###....
 Blink                    Tloc           Unusable     N/A         2    N/A

Dungeon Overview and Level Annotations

Branches:
Dungeon (2/15)

Altars:
Vehumet

Annotations:
D:3 Grinder


Innate Abilities, Weirdness & Mutations

You cannot be hasted, slowed, berserked, paralysed or teleported.
You can dig through walls and to a lower floor.
Your four strong arms can wield two-handed weapons with a shield.
You have a pair of large antennae on your head. (SInv)


Message History

You shout for attention!
Grinder hits you. What are your orders? t - Shout!
Orders for allies: a - Attack new target. r - Retreat! s - Stop attacking. g - Guard the area. f - Follow me.
Anything else - Cancel.
You shout for attention!
Grinder misses you. What are your orders? t - Shout!
Orders for allies: a - Attack new target. r - Retreat! s - Stop attacking. g - Guard the area. f - Follow me.
Anything else - Cancel.
You shout for attention!
Grinder gestures at you. Pain shoots through your body!
You die...

# .#
####.####
##........
##.........
#..@5......
#..........
#..........
............
.##..........
#.
##......... .
##).......
#########


You could see Grinder.

Vanquished Creatures
  2 adders (D:2)
  A worm (D:2)
  A giant cockroach (D:1)
  2 goblins (D:2)
  4 hobgoblins
  A quokka (D:2)
  3 bats
  5 frilled lizards
  8 kobolds
  2 rats (D:1)
29 creatures vanquished.

Notes
Turn   | Place    | Note
-------+----------+-------------------------------------------
     0 | D:1      | DildoBatman the Formicid Wizard began the quest for the
                  | Orb.
     0 | D:1      | Reached XP level 1. HP: 13/13 MP: 4/4
    41 | D:1      | Reached skill level 1 in Conjurations
   387 | D:1      | Reached XP level 2. HP: 6/19 MP: 4/6
  1060 | D:2      | Reached XP level 3. HP: 21/24 MP: 1/7
  1156 | D:2      | Found a radiant altar of Vehumet.
  1747 | D:2      | Reached XP level 4. HP: 30/30 MP: 4/8
  1750 | D:2      | You fall into a shaft and drop 1 floor!
  1750 | D:3      | Noticed Grinder
  1783 | D:3      | Killed from afar by Grinder

Illustrated notes

Levels and vault maps discovered:
D:1:      dpeg_arrival_leaves_temple_mockup, layout_loops_ring,
          patterned_corridor
D:2:      layout_basic, overflow_temple_1_default, serial_curves,
          eino_curves_04, eino_curves_03, eino_curves_02, eino_curves_02,
          chequers_serial_rivers_small_3, st_stairs_9, columned_hall_lemuel,
          item_on_display_a
D:3:      layout_rooms, ebering_ghost_reflecting_pool, lemuel_angel_altar,
          uniq_grinder

Skill      XL: |  1  2  3 |
---------------+----------+-----
Conjurations   | 1 2 3 |  3.2
Dodging        | |  1.7
Stealth        | |  2.4
Spellcasting   | |  3.2
Summonings     | |  1.0
Translocations | |  0.8

Action                   |  1- 3 |  4- 6 || total
-------------------------+-------+-------++-------
Melee: Club              |     4 |       ||     4
       Short sword       |     6 |       ||     6
 Fire: Hunting sling     |     1 |       ||     1
Throw: Dart              |     4 |       ||     4
 Cast: Magic Dart        |    87 |     1 ||    88
 Abil: Dig               |     1 |       ||     1
       Shaft Self        |       |     1 ||     1
  Eat: Chunk             |     2 |       ||     2
Armor: Robe              |     3 |     1 ||     4
Dodge: Dodged            |    16 |     3 ||    19
